[Event "ESP-ch Rapid 2018"]
[Site "Linares"]
[Date "2018.08.19"]
[Round "7"]
[White "Hernandez Perez, Juan Carlos"]
[Black "De La Fuente Gonzalez, Francisco"]
[Result "1-0"]
[WhiteElo "1946"]
[BlackElo "2174"]
[Annotator "NA"]
[PlyCount "69"]
[EventDate "2018.08.19"]
[EventType "team-tourn"]
[EventCountry "ESP"]
[SourceTitle "playchess.com"]
[Source "ChessBase"]
[SourceQuality "1"]
[TimeControl "900+5"]

1. e4 e5 2. Nf3 Nf6 3. Nc3 Bb4 4. Bc4 d6 5. O-O O-O 6. d3 Bg4 7. Bg5 c6 8. a3 Bxc3 9. bxc3 Nbd7 10. Re1 Nc5 11. d4 Ne6 12. Bxe6 fxe6 13. dxe5 Bxf3 14. Qxf3 dxe5 15. Red1 Qc7 16. Qe3 Rf7 17. f3 h6 18. Bh4 Nh5 19. Rd2 g5 20. Bf2 Nf4 21. Rad1 Qa5 22. c4 Kg7 23. h4 Kg6 24. Kh2 Raf8 25. Rd7 Qa4 26. Qc3 b6 27. R1d2 c5 28. Rxf7 Rxf7 29. Qxe5 Qxc4 30. Be3 a5 31. Rd6 Rf6 32. Rxb6 Nxg2 33. hxg5 Nxe3 34. Qxf6+ Kh5 35. Qxh6# 1-0

[Event "ESP-ch Rapid 2018"]
[Site "Linares"]
[Date "2018.08.19"]
[Round "7"]
[White "Alonso, Jose Antonio"]
[Black "Fernandez Torre, Ivan"]
[Result "0-1"]
[ECO "B34"]
[WhiteElo "1920"]
[BlackElo "2128"]
[Annotator "NA"]
[PlyCount "86"]
[EventDate "2018.08.19"]
[EventType "team-tourn"]
[EventCountry "ESP"]
[SourceTitle "playchess.com"]
[Source "ChessBase"]
[SourceQuality "1"]
[TimeControl "900+5"]

1. e4 c5 2. Nf3 Nc6 3. d4 cxd4 4. Nxd4 Nf6 5. Nc3 e5 6. Nf3 Bb4 7. Bd2 d6 8. Bd3 Bg4 9. h3 Bh5 10. O-O O-O 11. a3 Ba5 12. b4 Bb6 13. Be2 Bxf3 14. Bxf3 Nd4 15. Bg5 Rc8 16. Nd5 Rxc2 17. Bxf6 gxf6 18. Rc1 Rxc1 19. Qxc1 Kg7 20. Bg4 f5 21. exf5 f6 22. Nxb6 Qxb6 23. Qc4 Qc6 24. Qd3 Rc8 25. Qg3 Kh8 26. Qh4 d5 27. Qh5 Qd7 28. Bd1 Qe8 29. Qh6 Qf8 30. Qd2 a5 31. Qa2 axb4 32. axb4 Rd8 33. Bb3 Qxb4 34. Bxd5 Nxf5 35. Rb1 Qd4 36. Bxb7 Nd6 37. Qe6 e4 38. Qe7 Re8 39. Qd7 e3 40. fxe3 Qxe3+ 41. Kh1 Nxb7 42. Rxb7 Qc1+ 43. Kh2 Qf4+ 0-1

[Event "ESP-ch Rapid 2018"]
[Site "Linares"]
[Date "2018.08.19"]
[Round "8"]
[White "Santos Latasa, Jaime"]
[Black "Ibarra Jerez, Jose Carlos"]
[Result "1/2-1/2"]
[ECO "A06"]
[WhiteElo "2582"]
[BlackElo "2570"]
[Annotator "RC"]
[PlyCount "106"]
[EventDate "2018.08.19"]
[EventType "team-tourn"]
[EventCountry "ESP"]
[SourceTitle "playchess.com"]
[Source "ChessBase"]
[SourceQuality "1"]
[TimeControl "900+5"]

1. Nf3 d5 2. g3 Bg4 3. Bg2 c6 4. c4 e6 5. cxd5 Bxf3 6. Bxf3 cxd5 7. O-O Nf6 8. Nc3 Nc6 9. d4 Be7 10. e3 O-O 11. b3 Qd7 12. Bb2 Rfd8 13. Bg2 Rac8 14. Rc1 Ne8 15. Qe2 Nd6 16. Rfd1 Bf6 17. Na4 b6 18. Nc3 Ne7 19. Qa6 Nc6 20. Qe2 Ne7 21. Ba3 Nef5 22. Bh3 g6 23. Bxd6 Qxd6 24. Bxf5 gxf5 25. Qa6 Qd7 26. Nb5 e5 27. dxe5 Bxe5 28. a4 Bb8 29. Nd4 Be5 30. Nf3 Bf6 31. Qd3 Qe6 32. Nd4 Bxd4 33. Qxd4 Rc6 34. Rxc6 Qxc6 35. Qf4 Qf6 36. Rd4 Kg7 37. Kg2 Rd6 38. Qf3 Qe5 39. Rf4 Rf6 40. Qh5 h6 41. h3 a5 42. Qd1 Rc6 43. Qd3 Rf6 44. b4 axb4 45. Rxb4 Rc6 46. Rd4 Rd6 47. Qc3 Qf6 48. Qc7 Qe6 49. Qc2 Qe5 50. Qc8 Qe6 51. Qb7 Rc6 52. Rf4 Rc4 53. Qb8 Rxf4 1/2-1/2

[Event "ESP-ch Rapid 2018"]
[Site "Linares"]
[Date "2018.08.19"]
[Round "8"]
[White "Santos Ruiz, Miguel"]
[Black "Domingo Nunez, Ruben"]
[Result "1-0"]
[ECO "E32"]
[WhiteElo "2517"]
[BlackElo "2318"]
[Annotator "ChessBase"]
[PlyCount "71"]
[EventDate "2018.08.19"]
[EventType "team-tourn"]
[EventCountry "ESP"]
[SourceTitle "playchess.com"]
[Source "ChessBase"]
[SourceQuality "1"]
[TimeControl "900+5"]

1. d4 Nf6 2. c4 e6 3. Nc3 Bb4 4. Qc2 O-O 5. a3 Bxc3+ 6. Qxc3 d6 7. g3 Nbd7 8. Bg2 e5 9. Nf3 Qe7 10. O-O a5 11. b3 Re8 12. dxe5 Nxe5 13. Bb2 Nfd7 14. Nd4 Nf6 15. Rfd1 Ned7 16. b4 Nb6 17. Qc2 d5 18. cxd5 axb4 19. axb4 Rxa1 20. Bxa1 Nbxd5 21. b5 Bg4 22. h3 Bc8 23. e3 h6 24. Nf5 Bxf5 25. Qxf5 Rd8 26. Bxd5 c6 27. Bxf6 gxf6 28. bxc6 bxc6 29. Qg6+ Kf8 30. Qxh6+ Kg8 31. Bf3 Rxd1+ 32. Bxd1 Qd6 33. Bb3 Qe7 34. Qg6+ Kf8 35. Qh7 Qb7 36. Qd3 1-0

[Event "ESP-ch Rapid 2018"]
[Site "Linares"]
[Date "2018.08.19"]
[Round "8"]
[White "Cuenca Jimenez, Jose Fernando"]
[Black "Roldan Marques, Daniel"]
[Result "1-0"]
[ECO "C11"]
[WhiteElo "2506"]
[BlackElo "2161"]
[Annotator "ChessBase"]
[PlyCount "71"]
[EventDate "2018.08.19"]
[EventType "team-tourn"]
[EventCountry "ESP"]
[SourceTitle "playchess.com"]
[Source "ChessBase"]
[SourceQuality "1"]
[TimeControl "900+5"]

1. e4 e6 2. d4 d5 3. Nc3 Nf6 4. Bg5 dxe4 5. Nxe4 Be7 6. Bxf6 gxf6 7. Nf3 a6 8. g3 b5 9. Bg2 Bb7 10. Qe2 Nd7 11. O-O Bd5 12. b3 b4 13. c4 bxc3 14. Nxc3 c6 15. Rac1 O-O 16. Qe3 Re8 17. Rfe1 Qa5 18. Na4 Rac8 19. Nd2 Bxg2 20. Kxg2 f5 21. Nc4 Qd5+ 22. Kg1 Rcd8 23. Nc3 f4 24. Nxd5 fxe3 25. Ndxe3 Nb8 26. Red1 Bf6 27. Ne5 Rd6 28. N3c4 Rd5 29. Nb6 Rb5 30. Nbd7 Nxd7 31. Nxd7 Bg7 32. Rxc6 Rd8 33. Nc5 Bxd4 34. Kf1 a5 35. Ne4 Bb6 36. Rxd8+ 1-0

[Event "ESP-ch Rapid 2018"]
[Site "Linares"]
[Date "2018.08.19"]
[Round "8"]
[White "Ladron De Guevara Pinto, Paolo"]
[Black "Cruz Lledo, Pablo"]
[Result "1-0"]
[ECO "B12"]
[WhiteElo "2424"]
[BlackElo "2432"]
[Annotator "NA"]
[PlyCount "93"]
[EventDate "2018.08.19"]
[EventType "team-tourn"]
[EventCountry "ESP"]
[SourceTitle "playchess.com"]
[Source "ChessBase"]
[SourceQuality "1"]
[TimeControl "900+5"]

1. e4 c6 2. d4 d5 3. e5 Bf5 4. h4 h6 5. g4 Bd7 6. Be3 e6 7. Bd3 h5 8. g5 g6 9. Ne2 Ne7 10. Nd2 Nf5 11. Bxf5 exf5 12. Nf4 Be6 13. O-O Nd7 14. a4 Be7 15. Re1 Kf8 16. Nf1 c5 17. dxc5 Nxc5 18. f3 Qd7 19. c3 a5 20. Ng3 Kg7 21. Nge2 b5 22. Bxc5 Bxc5+ 23. Kg2 Rhb8 24. axb5 Qxb5 25. Nd3 Bb6 26. Nd4 Bxd4 27. cxd4 a4 28. Re2 Qc4 29. Nc5 Rb4 30. Rd2 Rab8 31. Rxa4 Rxa4 32. Qxa4 Qc1 33. Qc2 Qe1 34. Nxe6+ Kh7 35. Rf2 Qb4 36. Nf4 Qxd4 37. Qc7 Qxf4 38. Qxb8 Qxh4 39. e6 Qxg5+ 40. Qg3 Qf6 41. exf7 f4 42. f8=N+ Qxf8 43. Qg5 d4 44. Re2 d3 45. Re7+ Kh8 46. Qe5+ Kg8 47. Re8 1-0

[Event "ESP-ch Rapid 2018"]
[Site "Linares"]
[Date "2018.08.19"]
[Round "8"]
[White "Tejedor Fuente, Enrique"]
[Black "Garcia Romero, Benjamin Abel"]
[Result "1/2-1/2"]
[ECO "C54"]
[WhiteElo "2408"]
[BlackElo "2230"]
[Annotator "NA"]
[PlyCount "119"]
[EventDate "2018.08.19"]
[EventType "team-tourn"]
[EventCountry "ESP"]
[SourceTitle "playchess.com"]
[Source "ChessBase"]
[SourceQuality "1"]
[TimeControl "900+5"]

1. e4 e5 2. Nf3 Nc6 3. d4 exd4 4. Bc4 Bc5 5. c3 Nf6 6. cxd4 Bb4+ 7. Bd2 Bxd2+ 8. Nbxd2 d5 9. exd5 Nxd5 10. Qb3 Be6 11. Qxb7 Ndb4 12. Qb5 Rb8 13. Qa4 Bxc4 14. Nxc4 O-O 15. Rd1 Qe8+ 16. Ne3 Nxd4 17. Qxe8 Nxf3+ 18. gxf3 Rfxe8 19. O-O Nxa2 20. Rd2 Nb4 21. Rd7 Rb6 22. Rxc7 a5 23. Rd1 h5 24. Rdd7 Rg6+ 25. Kf1 Rf6 26. Ke2 Na6 27. Rc2 g6 28. Rcd2 Rb6 29. Kf1 Nc5 30. R7d5 Nb3 31. Rc2 Rb7 32. f4 Rb4 33. f5 Rf4 34. Rd3 a4 35. fxg6 fxg6 36. Kg2 Ref8 37. Rd6 Kg7 38. Nd5 Rg4+ 39. Kf1 Rd4 40. Rcc6 Nd2+ 41. Ke2 Re8+ 42. Ne3 Rxd6 43. Rxd6 Nc4 44. Rd7+ Kh6 45. Rb7 Nxe3 46. fxe3 Re4 47. Kf3 Rh4 48. Kg3 Rg4+ 49. Kf2 Rc4 50. h3 Kg5 51. Kg3 h4+ 52. Kf3 Kh6 53. Rd7 Rc2 54. Rd4 g5 55. Rxa4 Rxb2 56. Kg4 Rg2+ 57. Kf5 Rf2+ 58. Kg4 Rg2+ 59. Kf5 Rf2+ 60. Ke4 1/2-1/2

[Event "ESP-ch Rapid 2018"]
[Site "Linares"]
[Date "2018.08.19"]
[Round "8"]
[White "Merario Alarcon, Andres"]
[Black "Llobell Cortell, Enrique"]
[Result "0-1"]
[ECO "A50"]
[WhiteElo "2406"]
[BlackElo "2411"]
[Annotator "NA"]
[PlyCount "74"]
[EventDate "2018.08.19"]
[EventType "team-tourn"]
[EventCountry "ESP"]
[SourceTitle "playchess.com"]
[Source "ChessBase"]
[SourceQuality "1"]
[TimeControl "900+5"]

1. d4 Nf6 2. c4 Nc6 3. Nf3 e6 4. e3 Bb4+ 5. Nbd2 O-O 6. Bd3 d6 7. O-O e5 8. d5 Ne7 9. Qc2 a5 10. b3 a4 11. Bb2 axb3 12. axb3 Bd7 13. Rxa8 Qxa8 14. Nh4 Ng6 15. Nf5 Re8 16. Ne4 Nxe4 17. Bxe4 Qd8 18. g3 Qc8 19. f4 Bc5 20. Kh1 Qd8 21. Qd3 b5 22. g4 f6 23. h4 bxc4 24. bxc4 exf4 25. exf4 Bxf5 26. Bxf5 Re3 27. Qc2 Nxh4 28. Bxh7+ Kh8 29. Qh2 Kxh7 30. Qxh4+ Kg8 31. g5 Qe7 32. f5 fxg5 33. Qg4 Qe4+ 34. Qxe4 Rxe4 35. f6 gxf6 36. Rxf6 Re1+ 37. Kg2 Re2+ 0-1

[Event "ESP-ch Rapid 2018"]
[Site "Linares"]
[Date "2018.08.19"]
[Round "8"]
[White "Fernandez Garcia, Jose Miguel"]
[Black "Rodriguez Martin, Emilio"]
[Result "1-0"]
[ECO "B10"]
[WhiteElo "2404"]
[BlackElo "2159"]
[Annotator "NA"]
[PlyCount "55"]
[EventDate "2018.08.19"]
[EventType "team-tourn"]
[EventCountry "ESP"]
[SourceTitle "playchess.com"]
[Source "ChessBase"]
[SourceQuality "1"]
[TimeControl "900+5"]

1. e4 c6 2. c4 d5 3. exd5 cxd5 4. cxd5 Qxd5 5. Nc3 Qd6 6. d4 e6 7. Nf3 Nf6 8. Bd3 Be7 9. O-O O-O 10. Be3 Nc6 11. a3 a6 12. Rc1 Bd7 13. Bb1 Rfd8 14. Qd3 Rac8 15. Rfd1 Be8 16. h3 g6 17. Qe2 Na5 18. Ba2 Bc6 19. Ne5 Bd5 20. Nxd5 Nxd5 21. Qf3 f5 22. Nd3 b6 23. Nf4 Rxc1 24. Rxc1 Nxf4 25. Bxf4 Qxd4 26. Bxe6+ Kg7 27. b4 Bd6 28. Rd1 1-0

[Event "ESP-ch Rapid 2018"]
[Site "Linares"]
[Date "2018.08.19"]
[Round "8"]
[White "Pallardo Lozoya, Jose Vicente"]
[Black "Martin Rueda, Daniel"]
[Result "1-0"]
[ECO "B24"]
[WhiteElo "2382"]
[BlackElo "2267"]
[Annotator "NA"]
[PlyCount "103"]
[EventDate "2018.08.19"]
[EventType "team-tourn"]
[EventCountry "ESP"]
[SourceTitle "playchess.com"]
[Source "ChessBase"]
[SourceQuality "1"]
[TimeControl "900+5"]

1. e4 c5 2. Nc3 Nc6 3. g3 g6 4. Bg2 Bg7 5. d3 e6 6. Be3 d6 7. Qd2 Rb8 8. Nge2 Nd4 9. Bxd4 cxd4 10. Nb5 Qb6 11. Qb4 Ke7 12. Qb3 Bd7 13. Na3 Qxb3 14. axb3 b5 15. Nb1 Rb7 16. Nd2 Nh6 17. Nf3 e5 18. c3 dxc3 19. Nxc3 Be6 20. b4 Ra8 21. Ra5 Bd7 22. Ke2 Ng8 23. Rha1 Nf6 24. Nd2 Bc6 25. Ra6 Bd7 26. Nf1 Ne8 27. Nd5+ Kd8 28. Nfe3 Be6 29. Bf3 Bh6 30. Nc3 Bxe3 31. Kxe3 Nc7 32. R6a3 Ke7 33. d4 exd4+ 34. Kxd4 Bc4 35. Bg4 a6 36. Nd5+ Bxd5 37. exd5 Kf6 38. Bd7 Rd8 39. Bc6 Rb6 40. Rf3+ Kg7 41. Re1 Kf8 42. g4 h6 43. h4 Rbb8 44. Rf6 Kg7 45. g5 hxg5 46. hxg5 Ne8 47. Rf4 Kf8 48. Rh1 Kg7 49. Rfh4 Nc7 50. Rh7+ Kf8 51. Re1 Ne8 52. Rh8+ 1-0

[Event "ESP-ch Rapid 2018"]
[Site "Linares"]
[Date "2018.08.19"]
[Round "8"]
[White "Matnadze, Ana"]
[Black "Vega Gutierrez, Sabrina"]
[Result "1-0"]
[ECO "D00"]
[WhiteElo "2378"]
[BlackElo "2390"]
[Annotator "NA"]
[PlyCount "73"]
[EventDate "2018.08.19"]
[EventType "team-tourn"]
[EventCountry "ESP"]
[SourceTitle "playchess.com"]
[Source "ChessBase"]
[SourceQuality "1"]
[TimeControl "900+5"]

1. d4 d5 2. e3 c6 3. f4 Nf6 4. Nf3 g6 5. Bd3 Bg7 6. O-O O-O 7. b3 Ne4 8. Bb2 Bf5 9. Nbd2 Nxd2 10. Qxd2 Bxd3 11. Qxd3 c5 12. Rad1 Nc6 13. c3 cxd4 14. exd4 e6 15. Ne5 Qa5 16. a4 Nxe5 17. fxe5 Qb6 18. Ba3 Rfc8 19. Qf3 Rc7 20. Bd6 Rd7 21. c4 dxc4 22. bxc4 Rc8 23. c5 Qc6 24. Qb3 Bf8 25. Rfe1 b6 26. Rc1 Rb7 27. Rb1 Bxd6 28. exd6 Rcb8 29. Qf3 Qxf3 30. gxf3 Rc8 31. a5 b5 32. a6 Rbb8 33. Rec1 Rc6 34. Kf2 Rbc8 35. Ke3 Rxa6 36. d7 Rd8 37. c6 1-0

[Event "ESP-ch Rapid 2018"]
[Site "Linares"]
[Date "2018.08.19"]
[Round "8"]
[White "Garcia Cuenca, Victor"]
[Black "Riquelme Valero, Manuel Damian"]
[Result "1-0"]
[ECO "A88"]
[WhiteElo "2351"]
[BlackElo "2150"]
[Annotator "NA"]
[PlyCount "104"]
[EventDate "2018.08.19"]
[EventType "team-tourn"]
[EventCountry "ESP"]
[SourceTitle "playchess.com"]
[Source "ChessBase"]
[SourceQuality "1"]
[TimeControl "900+5"]

1. d4 f5 2. g3 Nf6 3. Bg2 g6 4. c4 Bg7 5. Nf3 d6 6. O-O O-O 7. Nc3 c6 8. b3 Qc7 9. Ba3 Na6 10. Qc2 b5 11. Bb2 Rb8 12. Nd2 e5 13. dxe5 dxe5 14. e4 Nb4 15. Qb1 Rd8 16. a3 Nd3 17. b4 bxc4 18. Nxc4 Be6 19. Na5 Nxb2 20. Qxb2 Qxa5 21. exf5 gxf5 22. Qe2 Qc7 23. Rac1 e4 24. f3 Qb6+ 25. Kh1 Bd5 26. fxe4 fxe4 27. Nxe4 Nxe4 28. Bxe4 Qd4 29. Bxd5+ cxd5 30. Rf4 Qe5 31. Qg4 Kh8 32. Rcf1 Rf8 33. Kg2 Rxf4 34. Rxf4 Rf8 35. Rxf8+ Bxf8 36. Qc8 Qd6 37. Kf3 d4 38. Ke2 Qe5+ 39. Kd1 Kg7 40. Qd7+ Kg6 41. Qxa7 Qe3 42. Qb6+ Kf5 43. Qb5+ Ke4 44. Qc6+ Kf5 45. Qc8+ Ke4 46. Qxf8 Kd3 47. Qf5+ Kc4 48. Qc2+ Kd5 49. Qc5+ Ke4 50. Qe7+ Kf3 51. Qxe3+ dxe3 52. Ke1 Kg2 1-0

[Event "ESP-ch Rapid 2018"]
[Site "Linares"]
[Date "2018.08.19"]
[Round "8"]
[White "Estremera Panos, Sergio"]
[Black "Silva Rodriguez, Fernando"]
[Result "0-1"]
[ECO "D20"]
[WhiteElo "2337"]
[BlackElo "2239"]
[Annotator "NA"]
[PlyCount "62"]
[EventDate "2018.08.19"]
[EventType "team-tourn"]
[EventCountry "ESP"]
[SourceTitle "playchess.com"]
[Source "ChessBase"]
[SourceQuality "1"]
[TimeControl "900+5"]

1. d4 d5 2. c4 dxc4 3. e3 b5 4. a4 b4 5. Bxc4 e6 6. Nf3 Nf6 7. O-O Be7 8. Qe2 O-O 9. e4 Bb7 10. Nbd2 c5 11. e5 Nd5 12. Ne4 Nd7 13. a5 Rc8 14. Rd1 cxd4 15. Rxd4 Qc7 16. Ng3 Rfd8 17. Bd2 Nf8 18. h4 Bc5 19. Rg4 Kh8 20. h5 h6 21. Ne4 Be7 22. b3 Nd7 23. Ng3 Nc3 24. Qe3 Bf8 25. Re1 Qxa5 26. Qf4 Rc7 27. Ne4 Nxe4 28. Rxe4 Bxe4 29. Qxe4 Nxe5 30. Nxe5 Rxd2 31. Qa8 Rd1+ 0-1

[Event "ESP-ch Rapid 2018"]
[Site "Linares"]
[Date "2018.08.19"]
[Round "8"]
[White "Calzetta Ruiz, Monica"]
[Black "Sanjuan Garcia, Miguel"]
[Result "0-1"]
[ECO "B81"]
[WhiteElo "2302"]
[BlackElo "2115"]
[Annotator "NA"]
[PlyCount "70"]
[EventDate "2018.08.19"]
[EventType "team-tourn"]
[EventCountry "ESP"]
[SourceTitle "playchess.com"]
[Source "ChessBase"]
[SourceQuality "1"]
[TimeControl "900+5"]

1. e4 c5 2. Nf3 e6 3. d4 cxd4 4. Nxd4 Nf6 5. Nc3 d6 6. g4 e5 7. Nf5 h5 8. g5 Nxe4 9. Nxg7+ Bxg7 10. Nxe4 d5 11. Nf6+ Bxf6 12. gxf6 Nc6 13. Bg5 Qa5+ 14. c3 Bg4 15. Be2 Bxe2 16. Qxe2 O-O-O 17. h4 e4 18. b4 Qa3 19. O-O Ne5 20. Bf4 Nf3+ 21. Kh1 Qa6 22. Qxa6 bxa6 23. c4 d4 24. b5 Kb7 25. bxa6+ Kxa6 26. Rab1 Rhg8 27. Rb3 Rg4 28. Bg3 Nd2 29. Ra3+ Kb7 30. Rc1 e3 31. c5 Rc8 32. Rd3 Ne4 33. Rb3+ Ka8 34. Be5 Nxf2+ 35. Kh2 Rcg8 0-1

[Event "ESP-ch Rapid 2018"]
[Site "Linares"]
[Date "2018.08.19"]
[Round "8"]
[White "Galiana Fernandez, Adrian"]
[Black "Guadamuro Torrente, Anabel"]
[Result "0-1"]
[ECO "C65"]
[WhiteElo "2291"]
[BlackElo "2145"]
[Annotator "NA"]
[PlyCount "98"]
[EventDate "2018.08.19"]
[EventType "team-tourn"]
[EventCountry "ESP"]
[SourceTitle "playchess.com"]
[Source "ChessBase"]
[SourceQuality "1"]
[TimeControl "900+5"]

1. e4 e5 2. Nf3 Nc6 3. Bb5 Nf6 4. d3 d6 5. c3 g6 6. h3 Bg7 7. O-O O-O 8. Bg5 h6 9. Bh4 a6 10. Bxc6 bxc6 11. Bxf6 Qxf6 12. Nbd2 a5 13. Qa4 c5 14. Ne1 Qg5 15. Ndf3 Qh5 16. b4 f5 17. bxc5 dxc5 18. Qc4+ Kh7 19. Qxc5 fxe4 20. dxe4 Bb7 21. Qe3 g5 22. Rb1 Ba6 23. Nh2 Bxf1 24. Nxf1 Rab8 25. Ng3 Qf7 26. Rd1 Rfd8 27. Rxd8 Rxd8 28. Qe2 Qd7 29. Kf1 a4 30. Nf5 Qc6 31. h4 gxh4 32. c4 h3 33. gxh3 a3 34. Nc2 Bf8 35. Nce3 Rb8 36. Ng4 Rb1+ 37. Kg2 Rb2 38. Qd3 Qg6 39. Qd7+ Kh8 40. Qd8 Qf7 41. Kf3 h5 42. Nxe5 Qg8 43. Nf7+ Qxf7 44. Kf4 Kh7 45. f3 Bh6+ 46. Ke5 Bg7+ 47. Kf4 Qf6 48. Qe8 Bh6+ 49. Kg3 Qg5# 0-1

[Event "ESP-ch Rapid 2018"]
[Site "Linares"]
[Date "2018.08.19"]
[Round "8"]
[White "Buendia Pinar, Alvaro"]
[Black "Espinosa Aranda, Angel"]
[Result "1-0"]
[ECO "B27"]
[WhiteElo "2278"]
[BlackElo "2451"]
[Annotator "ChessBase"]
[PlyCount "99"]
[EventDate "2018.08.19"]
[EventType "team-tourn"]
[EventCountry "ESP"]
[SourceTitle "playchess.com"]
[Source "ChessBase"]
[SourceQuality "1"]
[TimeControl "900+5"]

1. e4 c5 2. Nf3 g6 3. c3 Nf6 4. Bd3 Bg7 5. Bc2 O-O 6. O-O Nc6 7. d4 cxd4 8. cxd4 d5 9. e5 Ne4 10. Nc3 Bf5 11. Re1 Nxc3 12. bxc3 Bxc2 13. Qxc2 Rc8 14. Qd3 Qd7 15. Ng5 Qf5 16. Qxf5 gxf5 17. e6 fxe6 18. Nxe6 Rfe8 19. Rb1 b6 20. Rb5 Rcd8 21. Nxd8 Rxd8 22. Re6 Rc8 23. Rxd5 Nxd4 24. Rxe7 Bf6 25. Re3 f4 26. Re4 Rxc3 27. Bxf4 Nc6 28. g3 Kf7 29. Rd7+ Kg6 30. Rd6 Nd8 31. Be5 Rc1+ 32. Kg2 Kf5 33. Bxf6 Kxe4 34. Rd4+ Kf5 35. Bxd8 Ke5 36. Ra4 Rc8 37. Bg5 a5 38. Be3 Rc6 39. Ra3 Kd5 40. Rb3 Rc2 41. Bxb6 a4 42. Ra3 Rc4 43. Be3 h5 44. Kf3 Kc6 45. Rd3 Rc2 46. a3 Rb2 47. h3 Kb5 48. Rd5+ Kc4 49. Rd4+ Kb5 50. Rb4+ 1-0

[Event "ESP-ch Rapid 2018"]
[Site "Linares"]
[Date "2018.08.19"]
[Round "8"]
[White "Jimenez Martinez, Jose Vicente"]
[Black "Campos Gambuti, Luis Maria"]
[Result "1-0"]
[ECO "D20"]
[WhiteElo "2243"]
[BlackElo "2382"]
[Annotator "NA"]
[PlyCount "57"]
[EventDate "2018.08.19"]
[EventType "team-tourn"]
[EventCountry "ESP"]
[SourceTitle "playchess.com"]
[Source "ChessBase"]
[SourceQuality "1"]
[TimeControl "900+5"]

1. d4 d5 2. c4 dxc4 3. e3 c5 4. Bxc4 cxd4 5. Nf3 Qc7 6. Qb3 e6 7. exd4 Nc6 8. O-O Na5 9. Bb5+ Bd7 10. Qa4 Nc6 11. Nc3 Nf6 12. Bg5 Be7 13. d5 Nxd5 14. Nxd5 exd5 15. Rfe1 f6 16. Bf4 Qc8 17. Bd6 Kd8 18. Qa3 Bxd6 19. Qxd6 Qc7 20. Qxd5 Kc8 21. Rac1 a6 22. Bxc6 Bxc6 23. Qc4 Rd8 24. Nd4 Qf4 25. Qe6+ Kb8 26. Nxc6+ bxc6 27. Qxc6 Qd6 28. Qa4 Ra7 29. Rcd1 1-0

[Event "ESP-ch Rapid 2018"]
[Site "Linares"]
[Date "2018.08.19"]
[Round "8"]
[White "Orantes Taboada, Francisco"]
[Black "Carretero Ortiz, Francisco"]
[Result "1-0"]
[ECO "A40"]
[WhiteElo "2242"]
[BlackElo "2241"]
[Annotator "NA"]
[PlyCount "84"]
[EventDate "2018.08.19"]
[EventType "team-tourn"]
[EventCountry "ESP"]
[SourceTitle "playchess.com"]
[Source "ChessBase"]
[SourceQuality "1"]
[TimeControl "900+5"]

1. d4 Nc6 2. Nf3 d5 3. g3 Bg4 4. Bg2 e6 5. O-O Bd6 6. c4 dxc4 7. Nc3 Nge7 8. Qa4 Nd5 9. Qxc4 Nb6 10. Qb3 Bxf3 11. exf3 Nxd4 12. Qd1 Nc6 13. f4 O-O 14. b3 e5 15. f5 Bb4 16. Bb2 Qxd1 17. Raxd1 Rad8 18. Nd5 Bd6 19. Nc3 Nd4 20. Bxb7 Nxf5 21. Nb5 a5 22. Be4 Ne7 23. Rc1 f5 24. Bg2 Ned5 25. Rfd1 e4 26. Bf1 e3 27. Bg2 exf2+ 28. Kxf2 Nf6 29. Nxd6 Rxd6 30. Rxd6 cxd6 31. Rc6 Ne4+ 32. Ke3 Nd5+ 33. Kd4 Nb4 34. Rc7 Nxa2 35. Kc4 Rf7 36. Rc8+ Rf8 37. Rc7 d5+ 38. Kxd5 Nb4+ 39. Ke6 Ng5+ 40. Kd6 Nf7+ 41. Ke7 Nd3 42. Bd4 Nb4 1-0

[Event "ESP-ch Rapid 2018"]
[Site "Linares"]
[Date "2018.08.19"]
[Round "8"]
[White "Blazquez Gomez, Juan Carlos"]
[Black "Marino Bravo, Marco Antonio"]
[Result "1-0"]
[ECO "C00"]
[WhiteElo "2240"]
[BlackElo "2083"]
[Annotator "NA"]
[PlyCount "111"]
[EventDate "2018.08.19"]
[EventType "team-tourn"]
[EventCountry "ESP"]
[SourceTitle "playchess.com"]
[Source "ChessBase"]
[SourceQuality "1"]
[TimeControl "900+5"]

1. e4 e6 2. d3 d5 3. Nd2 Nf6 4. Ngf3 Be7 5. g3 c5 6. Bg2 Nc6 7. O-O O-O 8. e5 Nd7 9. Re1 f6 10. exf6 Nxf6 11. c3 Bd6 12. d4 cxd4 13. cxd4 Qb6 14. Nb3 Bd7 15. h3 Ne4 16. Be3 Qc7 17. Nbd2 Nf6 18. Rc1 Rae8 19. a3 Qb8 20. b4 e5 21. dxe5 Nxe5 22. Nxe5 Bxe5 23. Bc5 Bd6 24. Nb3 b6 25. Bxd5+ Kh8 26. Bxd6 Qxd6 27. Bg2 Qxd1 28. Rexd1 Ba4 29. Rd3 Rc8 30. Rxc8 Rxc8 31. Nd2 Kg8 32. Ne4 Nxe4 33. Bxe4 Rc1+ 34. Kg2 Ra1 35. Bd5+ Kf8 36. g4 Ke7 37. f4 Bb5 38. Re3+ Kd6 39. Bg8 h6 40. f5 Bc6+ 41. Kg3 Bb5 42. Re6+ Kd7 43. Re3 Kd6 44. h4 Rg1+ 45. Kf4 Rf1+ 46. Ke4 Bc6+ 47. Kd3 Bb5+ 48. Kc3 Rg1 49. Re6+ Kd7 50. Rg6 Ke7 51. Rxg7+ Kf8 52. f6 Rg3+ 53. Kd4 Be2 54. g5 Rg4+ 55. Ke5 Rxh4 56. Be6 1-0

[Event "ESP-ch Rapid 2018"]
[Site "Linares"]
[Date "2018.08.19"]
[Round "8"]
[White "Centron Antuna, Daniel"]
[Black "Suarez Uriel, Adrian"]
[Result "0-1"]
[ECO "D91"]
[WhiteElo "2231"]
[BlackElo "2391"]
[Annotator "NA"]
[PlyCount "80"]
[EventDate "2018.08.19"]
[EventType "team-tourn"]
[EventCountry "ESP"]
[SourceTitle "playchess.com"]
[Source "ChessBase"]
[SourceQuality "1"]
[TimeControl "900+5"]

1. Nf3 Nf6 2. c4 g6 3. Nc3 Bg7 4. d4 d5 5. Bg5 Ne4 6. Bf4 Nxc3 7. bxc3 c5 8. e3 O-O 9. cxd5 Qxd5 10. Qb3 Be6 11. c4 Qd8 12. Rc1 Qa5+ 13. Qc3 Qxc3+ 14. Rxc3 Nc6 15. Rb3 cxd4 16. Rxb7 dxe3 17. Bxe3 Rab8 18. Rb5 a6 19. Rb6 Nb4 20. c5 Rfd8 21. Be2 Bc3+ 22. Kf1 Bxa2 23. Bf4 Rbc8 24. Be3 a5 25. g3 Nd5 26. Rb5 Nxe3+ 27. fxe3 Rd5 28. Kf2 Rdxc5 29. Rxc5 Rxc5 30. Rc1 Bb4 31. Rd1 Rc2 32. Rd8+ Kg7 33. Nd4 Rb2 34. Kf3 e5 35. Nc6 e4+ 36. Kf2 Bc4 37. Nd4 a4 38. Rc8 Bxe2 39. Nxe2 a3 40. Ra8 a2 0-1

[Event "ESP-ch Rapid 2018"]
[Site "Linares"]
[Date "2018.08.19"]
[Round "8"]
[White "Beltran De Heredia E, Miguel"]
[Black "Izquierdo Puertas, Carlos"]
[Result "1-0"]
[ECO "B35"]
[WhiteElo "2229"]
[BlackElo "2010"]
[Annotator "NA"]
[PlyCount "101"]
[EventDate "2018.08.19"]
[EventType "team-tourn"]
[EventCountry "ESP"]
[SourceTitle "playchess.com"]
[Source "ChessBase"]
[SourceQuality "1"]
[TimeControl "900+5"]

1. e4 c5 2. Nf3 Nc6 3. Nc3 g6 4. d4 cxd4 5. Nxd4 Bg7 6. Be3 Nf6 7. Bc4 O-O 8. Bb3 d6 9. f3 Nxd4 10. Bxd4 Be6 11. Nd5 Nxd5 12. exd5 Qa5+ 13. c3 Bd7 14. Bxg7 Kxg7 15. Qd4+ Kg8 16. O-O-O Rac8 17. g4 b5 18. Kb1 Rb8 19. h4 b4 20. h5 g5 21. c4 Ba4 22. Qe3 f6 23. Qxe7 Bxb3 24. axb3 Qc5 25. Rhe1 Rf7 26. Qe6 a5 27. Rd2 a4 28. bxa4 b3 29. Rde2 Qxc4 30. Qxd6 Qd3+ 31. Ka1 Ra8 32. Re8+ Rxe8 33. Rxe8+ Kg7 34. Re1 Qd2 35. h6+ Kg6 36. Qe6 Qc2 37. d6 Ra7 38. Qe4+ Qxe4 39. Rxe4 f5 40. Rd4 Rd7 41. a5 fxg4 42. fxg4 Kf6 43. Kb1 Ke5 44. Rd1 Rxd6 45. Rxd6 Kxd6 46. Kc1 Kc5 47. Kd2 Kb5 48. Kc3 Kxa5 49. Kxb3 Kb5 50. Kc3 Kc5 51. b4+ 1-0